 Dungeon Crawl Stone Soup version 0.29.0-11-gd7f09526c8 (webtiles) character file.

Game seed: 16947358970290309110

69 NinjaNoafa the Sneak (level 4, -5/32 HPs)
             Began as a Gnoll Enchanter on Sept 4, 2022.
             Killed by divine providence
             ... invoked by an orc priest
              (12 damage)
             ... on level 3 of the Dungeon.
             The game lasted 00:05:05 (2063 turns).

NinjaNoafa the Sneak (Gnoll Enchanter)              Turns: 2063, Time: 00:05:06

Health: -5/32      AC:  3    Str:  7    XL:     4   Next: 20%
Magic:  4/11       EV: 13    Int: 17    God:
Gold:   131        SH:  0    Dex: 12    Spells: 8/13 levels left

rFire   + . .      SeeInvis .   d - +2 dagger (speed)
rCold   . . .      Faith    .   (no shield)
rNeg    . . .      Spirit   .   b - +0 robe
rPois   .          Reflect  .   (no helmet)
rElec   .          Harm     .   (no cloak)
rCorr   .          Rampage  .   (no gloves)
Will    .....                   p - +0 pair of boots
Stlth   +++.......              (no amulet)
HPRegen 0.10/turn               n - ring of protection from fire
MPRegen 0.12/turn               (no ring)

@: no status effects
A: fangs 1, strong nose, distributed training
a: no special abilities


You were on level 3 of the Dungeon.
You visited 1 branch of the dungeon, and saw 3 of its levels.

You collected 131 gold pieces.

Inventory:

Hand Weapons
 d - a +2 dagger of speed (weapon)
 i - a +1 dagger of holy wrath
Missiles
 g - 24 stones
Armour
 b - a +0 robe (worn)
 p - a +0 pair of boots (worn)
Jewellery
 n - a ring of protection from fire (left hand)
Scrolls
 a - a scroll of amnesia {unknown}
 f - 2 scrolls of identify {unknown}
 j - a scroll of fog {unknown}
 l - a scroll of enchant armour {unknown}
 m - a scroll of noise {unknown}
 q - a scroll of blinking {unknown}
Potions
 c - 2 potions of invisibility
 h - 4 potions of haste {unknown}
 k - a potion of brilliance {unknown}
 o - a potion of lignification {unknown}


   Skills:
 + Level 1.1 Fighting
 + Level 2.7 Short Blades
 + Level 1.1 Long Blades
 + Level 1.1 Axes
 + Level 1.1 Maces & Flails
 + Level 1.1 Polearms
 + Level 1.1 Staves
 + Level 1.1 Ranged Weapons
 + Level 1.1 Throwing
 + Level 1.1 Armour
 + Level 4.6 Dodging
 + Level 6.0 Stealth
 + Level 1.1 Shields
 + Level 1.1 Unarmed Combat
 + Level 5.0 Spellcasting
 + Level 0.8 Conjurations
 + Level 5.4 Hexes
 + Level 0.8 Summonings
 + Level 0.8 Necromancy
 + Level 0.8 Translocations
 + Level 0.8 Transmutations
 + Level 0.8 Fire Magic
 + Level 0.8 Ice Magic
 + Level 0.8 Air Magic
 + Level 0.8 Earth Magic
 + Level 0.8 Poison Magic
 + Level 1.2 Invocations
 + Level 1.1 Evocations


You had 8 spell levels left.
You knew the following spells:

 Your Spells              Type           Power      Damage    Failure   Level
a - Ensorcelled Hibernat  Hex/Ice        30%        N/A       6%          2
b - Confusing Touch       Hex            22%        N/A       4%          3

Your spell library contained the following spells:

 Spells                   Type           Power      Damage    Failure   Level
 Tukima's Dance           Hex            22%        N/A       4%          3
 Dazzling Flash           Conj/Hex       30%        N/A       12%         3


Dungeon Overview and Level Annotations

Branches:
Dungeon (3/15)

Altars:
Xom


Innate Abilities, Weirdness & Mutations

You have very sharp teeth.
Your uncanny sense of smell can sniff out nearby items.
Your experience applies equally to all skills.


Message History

Magic restored.
A kobold comes into view. It is wielding a +0 short sword.
You see here 2 fizzy emerald potions.
An orc comes into view. It is wielding a +0 flail.
The kobold hits you but does no damage.
The kobold looks drowsy...
The helpless kobold fails to defend itself.
You impale the kobold!!
You kill the kobold!
The orc shouts!
You hear a shout!
An orc comes into view. It is wielding a +0 dagger.
Found a smoky grey potion.
The orc moves out of view.
Things that are here:
a +0 short sword; a kobold corpse An orc comes into view.
It is wielding a +0 flail of holy wrath.
The orc looks drowsy...
The orc shouts!
You hear a shout!
The helpless orc fails to defend itself.
You impale the orc!!
You kill the orc!
An orc priest comes into view.
It is wielding a +1 short sword of venom.
You see here a +0 flail.
The orc priest calls down the wrath of Beogh upon you.
Beogh smites you!
The orc struggles to resist.
The orc looks drowsy...
The orc priest mumbles some strange prayers to Beogh against you.
Beogh smites you!
* * * LOW HITPOINT WARNING * * *
Okay, then.
The helpless orc fails to defend itself.
You impale the orc!!
You kill the orc!
The orc completely misses you.
You are too injured to fight recklessly!
It was a potion of curing.
You feel better. The orc hits you with a +0 dagger.
* * * LOW HITPOINT WARNING * * *
The orc priest calls down the wrath of Beogh upon you.
Beogh smites you!
You die...

.. #.... .# ...∆
#.#.###.# ..##.#.....
.......##### #+#
##.#........ #.#
#..).###
#†####..#...#### #
#.##......)....#
#.#..!..#.#..@##.#
.###.#..##.#....)o..#
........##.###...#..#
.....#>....#.....#.o#
###..#.....#.#........
#. #<.$........#..#.#
#. #.#.#.####.## #.# #
#.#..... .. #
.........


You could see an orc priest and an orc.

Vanquished Creatures
  2 adders (D:2)
  A worm (D:2)
  A dart slug (D:1)
  2 orcs (D:3)
  A bat (D:1)
  An endoplasm (D:1)
  4 giant cockroaches
  6 goblins
  5 hobgoblins
  7 kobolds
  4 ball pythons (D:1)
  A frilled lizard (D:1)
  5 rats
40 creatures vanquished.

Vanquished Creatures (others)
  8 withered plants (D:2)
8 creatures vanquished.

Grand Total: 48 creatures vanquished

Notes
Turn   | Place    | Note
-------+----------+-------------------------------------------
     0 | D:1      | NinjaNoafa the Gnoll Enchanter began the quest for the Orb.
     0 | D:1      | Reached XP level 1. HP: 13/13 MP: 6/6
   165 | D:1      | Reached XP level 2. HP: 13/19 MP: 7/7
   425 | D:1      | Learned a level 2 spell: Ensorcelled Hibernation
   743 | D:1      | Reached skill level 5 in Spellcasting
   743 | D:1      | Reached XP level 3. HP: 20/25 MP: 3/9
   939 | D:1      | Reached skill level 6 in Stealth
  1140 | D:1      | Learned a level 3 spell: Confusing Touch
  1351 | D:2      | Reached skill level 1 in Invocations
  1538 | D:2      | Reached skill level 1 in Fighting
  1538 | D:2      | Reached skill level 1 in Long Blades
  1538 | D:2      | Reached skill level 1 in Axes
  1538 | D:2      | Reached skill level 1 in Maces & Flails
  1538 | D:2      | Reached skill level 1 in Polearms
  1538 | D:2      | Reached skill level 1 in Staves
  1538 | D:2      | Reached skill level 1 in Ranged Weapons
  1538 | D:2      | Reached skill level 1 in Throwing
  1538 | D:2      | Reached skill level 1 in Armour
  1538 | D:2      | Reached skill level 1 in Shields
  1538 | D:2      | Reached skill level 1 in Unarmed Combat
  1538 | D:2      | Reached skill level 1 in Evocations
  1600 | D:2      | Reached XP level 4. HP: 31/32 MP: 8/11
  1659 | D:2      | Found a shimmering altar of Xom.
  1866 | D:2      | Found a faded altar of an unknown god.
  2063 | D:3      | Killed from afar by an orc priest

Illustrated notes

Levels and vault maps discovered:
D:1:      minmay_arrival_three_doors, layout_basic, minmay_shallow_snake_nest
D:2:      layout_basic, shapermc_ecumenical_altar_flowoftime, basic_altar
D:3:      layout_basic, lemuel_round_altar, hangedman_abyss_or_decor_stabs,
          uniq_crazy_yiuf_cottage, uniq_grinder

Skill      XL: |  1  2  3 |
---------------+----------+-----
Spellcasting   | 5 |  5.0
Stealth        | 6 |  6.0
Invocations    | 1 |  1.2
Fighting       | 1 |  1.1
Long Blades    | 1 |  1.1
Axes           | 1 |  1.1
Maces & Flails | 1 |  1.1
Polearms       | 1 |  1.1
Staves         | 1 |  1.1
Ranged Weapons | 1 |  1.1
Throwing       | 1 |  1.1
Armour         | 1 |  1.1
Shields        | 1 |  1.1
Unarmed Combat | 1 |  1.1
Evocations     | 1 |  1.1
Short Blades   | |  2.7
Dodging        | |  4.6
Conjurations   | |  0.8
Hexes          | |  5.4
Summonings     | |  0.8
Necromancy     | |  0.8
Translocations | |  0.8
Transmutations | |  0.8
Fire Magic     | |  0.8
Ice Magic      | |  0.8
Air Magic      | |  0.8
Earth Magic    | |  0.8
Poison Magic   | |  0.8

Action                   |  1- 3 |  4- 6 || total
-------------------------+-------+-------++-------
Melee: Dagger            |    85 |    15 ||   100
       Bite              |     8 |       ||     8
 Cast: Ensorcelled Hiber |    16 |     8 ||    24
       Confusing Touch   |     1 |       ||     1
  Use: Scroll            |     3 |       ||     3
       Potion            |       |     1 ||     1
 Stab: Sleeping          |    18 |     7 ||    25
Armor: Robe              |    10 |     2 ||    12
Dodge: Dodged            |    36 |     6 ||    42
